 Dungeon Crawl Stone Soup version 0.30-a0-859-gf88a04b62d (webtiles) character file.

Game seed: 16853339635983723940

136 cforsyth the Magician (level 4, -3/24 HPs)
             Began as a Deep Elf Earth Elementalist on Mar 7, 2023.
             Slain by a gnoll
             ... wielding a +0 halberd
              (13 damage)
             ... on level 3 of the Dungeon.
             The game lasted 00:02:02 (1622 turns).

cforsyth the Magician (Deep Elf Earth Elementalist) Turns: 1622, Time: 00:02:02

Health: -3/24      AC:  2    Str:  5    XL:     4   Next: 98%
Magic:  9/13       EV: 12    Int: 27    God:
Gold:   149        SH:  0    Dex: 15    Spells: 9/13 levels left

rFire   . . .      SeeInvis .    m - +4 dagger "Jaqaw" {flame, rElec Will+ Int+5}
rCold   . . .      Faith    .    (no shield)
rNeg    . . .      Spirit   .    a - +0 robe
rPois   .          Reflect  .    (no helmet)
rElec   +          Rampage  .    (no cloak)
rCorr   .                        (no gloves)
Will    +....                    (no boots)
Stlth   ++                       (no amulet)
HPRegen 0.24/turn                (no ring)
MPRegen 0.13/turn                (no ring)

@: no status effects
A: no striking features
a: no special abilities


You were on level 3 of the Dungeon.
You visited 1 branch of the dungeon, and saw 3 of its levels.

You collected 149 gold pieces.

Inventory:

Hand Weapons
 m - the +4 dagger "Jaqaw" (weapon) {flame, rElec Will+ Int+5}
   (You found it on level 2 of the Dungeon)

   Int:       It affects your intelligence (+5).
   rElec:     It insulates you from electricity.
   Will:      It increases your willpower.
Armour
 a - a +0 robe (worn)
Scrolls
 e - 2 scrolls of enchant armour {unknown}
 f - a scroll of teleportation {unknown}
 h - a scroll of vulnerability {unknown}
 j - 4 scrolls of identify {unknown}
 n - a scroll of magic mapping {unknown}
Potions
 b - a potion of magic
 c - 2 potions of flight {unknown}
 d - a potion of degeneration {unknown}
 g - 2 potions of lignification {unknown}
 i - 2 potions of curing
 k - a potion of heal wounds {unknown}
 l - a potion of attraction {unknown}
 o - a potion of might {unknown}


   Skills:
 - Level 2.4 Dodging
 - Level 2.4 Stealth
 + Level 5.4 Spellcasting
 - Level 1.1 Transmutations
 + Level 5.0 Earth Magic


You had 9 spell levels left.
You knew the following spells:

 Your Spells              Type           Power      Damage    Failure   Level
a - Sandblast             Erth           68%        2d15      1%          1
b - Stone Arrow           Conj/Erth      40%        3d9       8%          3

Your spell library contained the following spells:

 Spells                   Type           Power      Damage    Failure   Level
 Passwall                 Tmut/Erth      19%        N/A       3%          2
 Petrify                  Tmut/Erth      23%        N/A       19%         4


Dungeon Overview and Level Annotations

Branches:
Dungeon (3/15)

Altars:
Ashenzari
Xom


Message History

A goblin is nearby!
A goblin is nearby!
The goblin shouts!
You hear a shout!
The blast of sand hits the goblin!
You kill the goblin!
A kobold comes into view. It is wielding a +0 dagger.
You can't see any susceptible monsters within range! (Use Z to cast anyway.)
You can't see any susceptible monsters within range! (Use Z to cast anyway.)
The kobold throws a stone.
The stone barely misses you.
The blast of sand hits the kobold!
You kill the kobold!
You can't see any susceptible monsters within range! (Use Z to cast anyway.)
You can't see any susceptible monsters within range! (Use Z to cast anyway.)
You can't see any susceptible monsters within range! (Use Z to cast anyway.)
o - a lumpy pink potion
Things that are here:
a +0 club; 7 stones; a goblin corpse
g - 2 grey potions (gained 1)
You see here a rat corpse.
Found a stone staircase leading down. 2 gnolls come into view.
The gnoll shouts! x2
A gnoll comes into view. It is wielding a +0 halberd.
The gnoll moves out of view. x2
A gnoll is nearby!
The blast of sand hits the gnoll.
The gnoll is lightly wounded.
The gnoll shouts!
The blast of sand hits the gnoll!!
You kill the gnoll!
The gnoll hits you from afar with a +0 halberd!
Your Earth Magic skill increases to level 5!
The blast of sand hits the gnoll.
The gnoll is moderately wounded.
The blast of sand hits the gnoll!
You kill the gnoll!
The gnoll hits you from afar with a +0 halberd.
The gnoll hits you from afar with a +0 halberd!
Ouch! That really hurt!
You die...

#.##..†...# .....##
#.#...#.#####........
#.#.).#.# #........##
#.......# #......>..
###...### #.##....#
#...# #.##... # #...#
#.##.##.#.#
.####...#####.........#
.)..).....†....#@####.#
.............†.#.)g.#
...............#.##.#
.####...########.. ..
#...# ### ## #...#
#...# ....#


You could see a gnoll.

Vanquished Creatures
  Jessica (D:3)
  6 gnolls (D:3)
  An adder (D:2)
  2 worms
  3 dart slugs
  2 bats
  An endoplasm (D:1)
  A giant cockroach (D:1)
  3 goblins
  2 hobgoblins (D:2)
  4 jackals (D:1)
  4 quokkas
  5 ball pythons
  6 kobolds
  3 rats
44 creatures vanquished.

Notes
Turn   | Place    | Note
-------+----------+-------------------------------------------
     0 | D:1      | cforsyth the Deep Elf Earth Elementalist began the quest
                  | for the Orb.
     0 | D:1      | Reached XP level 1. HP: 10/10 MP: 6/6
   206 | D:1      | Reached XP level 2. HP: 15/15 MP: 5/8
   730 | D:1      | Reached XP level 3. HP: 19/19 MP: 8/10
   784 | D:1      | Learned a level 3 spell: Stone Arrow
   868 | D:2      | Found a faded altar of an unknown god.
   986 | D:2      | Found a shimmering altar of Xom.
  1032 | D:2      | Identified the +4 dagger "Jaqaw" {flame, rElec Will+ Int+5}
  1262 | D:3      | Found a broken altar of Ashenzari.
  1333 | D:3      | Reached XP level 4. HP: 24/24 MP: 8/12
  1365 | D:3      | Noticed Jessica
  1370 | D:3      | Killed Jessica
  1371 | D:3      | Reached skill level 5 in Spellcasting
  1621 | D:3      | Reached skill level 5 in Earth Magic
  1622 | D:3      | Slain by a gnoll

Illustrated notes

Levels and vault maps discovered:
D:1:      minmay_arrival_nine_rooms, layout_basic, serial_park_tiny_1
D:2:      layout_rooms, basic_altar, ebering_ecumenical_altar_webs
D:3:      layout_loops_cross, mainiacjoe_overflow_six_doors_small, uniq_sigmund,
          uniq_jessica, uniq_crazy_yiuf_cottage

Skill      XL: |  1  2  3  4 |
---------------+-------------+-----
Spellcasting   | 4 5 |  5.4
Earth Magic    | 4 5 |  5.0
Dodging        | |  2.4
Stealth        | |  2.4
Transmutations | |  1.1

Action                     |  1- 3 |  4- 6 || total
---------------------------+-------+-------++-------
   Cast: Sandblast         |    42 |    17 ||    59
         Stone Arrow       |       |     2 ||     2
 Armour: Robe              |     1 |       ||     1
  Dodge: Dodged            |     5 |     3 ||     8

Table legend: (Time is in decaauts)
 A = Elapsed time spent in this place.
 B = Non-inter-level travel time spent in this place.
 C = Inter-level travel time spent in this place.
 D = Time resting spent in this place.
 E = Time spent auto-exploring this place.
 F = Levels seen in this place.
 G = Mean time per level.
                   A        B        C        D        E       F      G
               +--------+--------+--------+--------+--------+-----+--------+
         Total |   1650 |   1585 |     65 |      0 |   1359 |   3 |  550.0 |
       Dungeon |   1650 |   1585 |     65 |      0 |   1359 |   3 |  550.0 |
               +--------+--------+--------+--------+--------+-----+--------+

Top non-repeatable levels by time:
     D:1: 822 daAuts
     D:2: 430 daAuts
     D:3: 397 daAuts
